 Dungeon Crawl Stone Soup version 0.31-a0-702-gf82c85558f (webtiles) character file.

Game seed: 8351732311456773393

2755 qw the Skirmisher (level 9, -8/57 HPs)
             Began as a Gargoyle Hunter on Sept 8, 2023.
             Was a Follower of Okawaru.
             Killed by divine providence
             ... invoked by Jeremiah
              (11 damage)
             ... on level 7 of the Dungeon.
             The game lasted 00:03:00 (5687 turns).

qw the Skirmisher (Gargoyle Hunter)                 Turns: 5687, Time: 00:03:00

Health: -8/57      AC: 14    Str: 14    XL:     9   Next: 68%
Magic:  21/22      EV: 21    Int: 11    God:    Okawaru [*.....]
Gold:   141        SH:  5    Dex: 17    Spells: 8/8 levels left

rFire   + . .        a - +0 orcbow
rCold   . . .        (shield currently unavailable)
rNeg    + + .        h - +3 leather armour {rF+}
rPois   inf          (no helmet)
rElec   +            f - +0 cloak
rCorr   +            (no gloves)
SInv    .            (no boots)
Will    .....        k - amulet of Winusuu {Reflect rPois rN+ MP+9 SH+5}
Stlth   +++          j - ring of resist corrosion
HPRegen 0.29/turn    c - +5 ring of evasion
MPRegen 0.18/turn

%: reflection
@: heroic
A: sickness immunity, AC +6, negative energy resistance 1, electricity
resistance, torment resistance 1, petrification resistance
a: Renounce Religion, Heroism


You were on level 7 of the Dungeon.
You worshipped Okawaru.
Okawaru was aware of your devotion.
You visited 1 branch of the dungeon, and saw 7 of its levels.

You collected 330 gold pieces.
You spent 189 gold pieces at shops.


Innate Abilities, Weirdness & Mutations

You are immune to sickness and miasma.
Your stone body is resilient. (AC +6)
You are immune to poison.
You resist negative energy. (rN+)
You are resistant to electric shocks. (rElec)
You are resistant to unholy torment.
You are immune to petrification.


   Skills:
 - Level 7.0(12.0) Fighting
 + Level 10.2(15.2) Ranged Weapons
 - Level 1.4(6.4) Armour
 - Level 3.3(8.3) Dodging
 - Level 1.1(6.1) Stealth
 - Level 5.5 Invocations


You had 8 spell levels left.
You didn't know any spells.
Your spell library was empty.

Inventory:

Hand Weapons
 a - a +0 orcbow (weapon)
Armour
 f - a +0 cloak (worn)
 h - a +3 leather armour of fire resistance (worn)
Jewellery
 c - a +5 ring of evasion (right hand)
 j - a ring of resist corrosion (left hand)
 k - the amulet of Winusuu (around neck) {Reflect rPois rN+ MP+9 SH+5}
   (You acquired it on level 6 of the Dungeon)

   [amulet of reflection]

   Reflect:   It reflects blocked missile attacks.
   rPois:     It protects you from poison rN+: It protects you from negative
   energy.
   MP+9:      It affects your magic capacity (+9).
   SH+5:      It affects your SH (+5).
 Y - a ring of positive energy
Scrolls
 b - a scroll of identify
Potions
 d - 3 potions of curing
 e - a potion of resistance
 g - 2 potions of mutation
 i - 2 potions of might
 l - a potion of enlightenment
 p - a potion of cancellation {unknown}

Dungeon Overview and Level Annotations

Branches:
Dungeon (7/15)             Temple (0/1) D:5

Altars:
Nemelex Xobeh
Okawaru

Shops:
D:2 ?   D:4 :![?

Annotations:
D:4 1 runed translucent door, qw's ghost, amateur GrHu
D:7 Jeremiah


Message History

You're wearing all the rings you can.
Remove which one? (? for menu, Esc to cancel) < or
Y - a ring of positive energy; > or
c - a +5 ring of evasion You remove your ring of positive energy.
j - a ring of resist corrosion (left hand)
The butterfly disappears in a burst of colours!
Jeremiah shouts, "O dreadful one, destroy my foe!"
Something smites you!
The butterfly disappears in a burst of colours!
The butterfly disappears in a burst of colours!
Jeremiah hops!
You shoot an arrow. The arrow closely misses Jeremiah.
Jeremiah hops!
You start resting.
The butterfly disappears in a burst of colours! x2
Jeremiah is nearby!
The butterfly disappears in a burst of colours!
You shoot an arrow. The arrow closely misses Jeremiah.
The arrow hits the butterfly.
You kill the butterfly!
The butterfly disappears in a burst of colours!
Jeremiah hops!
Enter note:
Enter note:
Enter note: You shoot an arrow.
The arrow misses the butterfly.
You feel like a meek peon again.
5683 ||| INVOKING Heroism.
You gain the combat prowess of a mighty hero.
Jeremiah cries, "Fearful master, protect me!"
Something smites you!
The butterfly disappears in a burst of colours! x2
Jeremiah mumbles a slurred invocation.
Something smites you!
The butterfly disappears in a burst of colours!
The butterfly disappears in a burst of colours! x2
Jeremiah cries, "Fearful master, protect me!"
Something smites you!
You die...
Jeremiah wails, "I didn't mean to kill anyone!
I'm not a murderer!"

##+## #..## #####.# #.##
.bF#.# #.# #b#.## #.#
#bbb.###### #.#
##.##.bb..#...# #.#
...?........#%###.#
##.##.#.###..%....# # #.#@#
######### # #.# #.# #.# #.#
#.# ########### #.#
#.........# #####
####.######.#######.#
####...#####.........#.#####
#.#


You could see Jeremiah.

Vanquished Creatures
  Pikel (D:6)
  A steam dragon (D:7)
  Duvessa (D:7)
  4 ice beasts
  A sky beast (D:6)
  An ogre (D:5)
  A lemure (D:6)
  3 phantoms
  2 kobold brigands (D:6)
  2 bullfrogs
  5 wights (D:7)
  Dowan (D:7)
  3 howler monkeys
  A jelly (D:6)
  3 orc priests
  2 hounds
  Jessica (D:3)
  3 iguanas
  3 orc wizards (D:5)
  Ijyb (D:3)
  Natasha (thrice) (D:4)
  5 adders
  3 gnolls (D:6)
  2 ufetubi
  2 worms
  13 orcs
  4 endoplasms
  A giant cockroach (D:3)
  4 goblins
  3 hobgoblins
  18 kobolds
  2 quokkas
  7 ball pythons
  3 bats
  7 frilled lizards
  7 rats
124 creatures vanquished.

Notes
Turn   | Place    | Note
-------+----------+-------------------------------------------
     0 | D:1      | qw the Gargoyle Hunter began the quest for the Orb.
     0 | D:1      | Reached XP level 1. HP: 12/12 MP: 1/1
     0 | D:1      | 0 ||| qw: Version: 0.3-a-76-g4403597
     0 | D:1      | 0 ||| qw: Game counter: 1131
     0 | D:1      | 0 ||| qw: Melee chars always use a shield: true
     0 | D:1      | 0 ||| qw: God list: Okawaru
     0 | D:1      | 0 ||| qw: Allow faded altars: false
     0 | D:1      | 0 ||| qw: Do Orc after clearing Dungeon:15 true
     0 | D:1      | 0 ||| qw: Do second Lair branch before Depths: true
     0 | D:1      | 0 ||| qw: Lair rune preference: random
     0 | D:1      | 0 ||| qw: Goals: Normal
     0 | D:1      | 0 ||| PLANNING D:1-11
    22 | D:1      | HP: 3/12 [quokka (4)]
   144 | D:1      | Reached XP level 2. HP: 17/17 MP: 2/2
   502 | D:1      | 502 ||| UPGRADING to +0 ring mail.
   512 | D:1      | 512 ||| DROPPING +0 leather armour.
   513 | D:1      | 513 ||| READING scroll labelled ENWUMA GAHASE.
   514 | D:1      | 514 ||| DRINKING 2 viscous green potions.
   544 | D:1      | 544 ||| DROPPING scroll of butterflies.
   545 | D:1      | 545 ||| DROPPING potion of lignification.
   614 | D:2      | Reached skill level 1 in Armour
   614 | D:2      | Reached XP level 3. HP: 13/21 MP: 3/3
   683 | D:2      | Found Kaqaotom's Magic Scroll Boutique.
   692 | D:2      | 692 ||| SHOPLISTING 3 scrolls of identify (78 gold, have
                  | 55).
   692 | D:2      | 692 ||| BUYING scroll of identify (26 gold).
   692 | D:2      | Bought a scroll of identify for 26 gold pieces
   692 | D:2      | 692 ||| BUYING scroll of identify (26 gold).
   692 | D:2      | Bought a scroll of identify for 26 gold pieces
   692 | D:2      | 692 ||| SHOPLISTING scroll of identify (26 gold, have 3).
   692 | D:2      | 692 ||| SHOPLISTING scroll of teleportation (39 gold, have
                  | 3).
   729 | D:2      | Found a sparkling altar of Nemelex Xobeh.
   837 | D:2      | Reached skill level 5 in Ranged Weapons
  1094 | D:2      | 1094 ||| UPGRADING to ring of positive energy.
  1095 | D:2      | 1095 ||| READING scroll labelled JOLORU POUSMIST.
  1217 | D:2      | 1217 ||| DROPPING ring of flight.
  1218 | D:2      | 1218 ||| DRINKING 2 coppery potions.
  1219 | D:2      | 1219 ||| READING 2 scrolls of identify.
  1219 | D:2      | 1219 ||| IDENTIFYING fuming clear potion
  1260 | D:3      | Noticed Ijyb
  1271 | D:3      | Killed Ijyb
  1272 | D:3      | Reached skill level 3 in Fighting
  1272 | D:3      | Reached XP level 4. HP: 28/28 MP: 4/4
  1297 | D:3      | Noticed Jessica
  1298 | D:3      | 1298 ||| Stepping ~*~*~tactically~*~*~ (outnumbered).
  1300 | D:3      | 1300 ||| Stepping ~*~*~tactically~*~*~ (outnumbered).
  1305 | D:3      | Killed Jessica
  1502 | D:3      | Reached XP level 5. HP: 32/32 MP: 5/5
  1977 | D:3      | 1977 ||| UPGRADING to +3 leather armour of fire resistance.
  1987 | D:3      | 1987 ||| DROPPING +0 ring mail.
  1988 | D:3      | 1988 ||| UPGRADING to +5 ring of evasion.
  1989 | D:3      | 1989 ||| READING scroll labelled HIFUYWN DEIWYGH.
  1990 | D:3      | 1990 ||| DRINKING 2 black potions.
  1991 | D:3      | 1991 ||| READING 3 scrolls of identify.
  1991 | D:3      | 1991 ||| IDENTIFYING bubbling coppery potion
  1992 | D:3      | 1992 ||| READING 2 scrolls of identify.
  1992 | D:3      | 1992 ||| IDENTIFYING brown potion
  1993 | D:3      | 1993 ||| DROPPING potion of berserk rage.
  2035 | D:4      | Noticed a phantom
  2050 | D:4      | Found Ifiuc's Antique Armour Emporium.
  2058 | D:4      | Killed a phantom
  2059 | D:4      | Reached skill level 6 in Ranged Weapons
  2126 | D:4      | 2126 ||| SHOPLISTING glowing helmet (172 gold, have 120).
  2126 | D:4      | 2126 ||| BUYING glowing robe (85 gold).
  2126 | D:4      | Bought a glowing robe for 85 gold pieces
  2144 | D:4      | Found Hiloc's Book Emporium.
  2150 | D:4      | Found Qoetigoe's Distillery.
  2182 | D:4      | 2182 ||| BUYING potion of curing (30 gold).
  2182 | D:4      | Bought a potion of curing for 30 gold pieces
  2182 | D:4      | 2182 ||| SHOPLISTING potion of enlightenment (50 gold, have
                  | 33).
  2182 | D:4      | 2182 ||| SHOPLISTING potion of heal wounds (50 gold, have
                  | 33).
  2185 | D:4      | Found Ustrujezi's Magic Scroll Emporium.
  2186 | D:4      | 2186 ||| DROPPING +2 robe.
  2187 | D:4      | 2187 ||| READING 2 scrolls of identify.
  2187 | D:4      | 2187 ||| IDENTIFYING murky ruby potion
  2188 | D:4      | 2188 ||| DROPPING potion of brilliance.
  2198 | D:4      | Found a runed translucent door.
  2207 | D:4      | Noticed Natasha
  2211 | D:4      | Killed Natasha
  2212 | D:4      | Reached XP level 6. HP: 38/38 MP: 6/6
  2226 | D:4      | 2226 ||| BUYING scroll of identify (22 gold).
  2226 | D:4      | Bought a scroll of identify for 22 gold pieces
  2226 | D:4      | 2226 ||| SHOPLISTING scroll of identify (22 gold, have 11).
  2249 | D:4      | Noticed qw's ghost (amateur GrHu)
  2397 | D:4      | Found an iron altar of Okawaru.
  2398 | D:4      | 2398 ||| PLANNING OKAWARU WORSHIP
  2402 | D:4      | 2402 ||| UPGRADING to +0 cloak.
  2407 | D:4      | 2407 ||| READING scroll labelled DYEDAT RUST.
  2408 | D:4      | 2408 ||| READING 2 scrolls of identify.
  2408 | D:4      | 2408 ||| IDENTIFYING murky emerald potion
  2415 | D:4      | Became a worshipper of Warmaster Okawaru
  2416 | D:4      | 2416 ||| PLANNING D:1-11
  2494 | D:4      | Noticed Natasha
  2504 | D:4      | Killed Natasha
  2536 | D:4      | Noticed Natasha
  2539 | D:4      | 2539 ||| RETREATING.
  2544 | D:4      | 2544 ||| Stepping ~*~*~tactically~*~*~ (retreating).
  2545 | D:4      | 2545 ||| Stepping ~*~*~tactically~*~*~ (retreating).
  2547 | D:4      | 2547 ||| Stepping ~*~*~tactically~*~*~ (retreating).
  2550 | D:4      | 2550 ||| Stepping ~*~*~tactically~*~*~ (retreating).
  2551 | D:4      | 2551 ||| Stepping ~*~*~tactically~*~*~ (retreating).
  2552 | D:4      | 2552 ||| Stepping ~*~*~tactically~*~*~ (retreating).
  2553 | D:4      | 2553 ||| Stepping ~*~*~tactically~*~*~ (retreating).
  2554 | D:4      | 2554 ||| Stepping ~*~*~tactically~*~*~ (retreating).
  2556 | D:4      | 2556 ||| Stepping ~*~*~tactically~*~*~ (retreating).
  2559 | D:4      | Killed Natasha
  2598 | D:4      | 2598 ||| READING 2 scrolls of identify.
  2598 | D:4      | 2598 ||| IDENTIFYING clear potion
  2599 | D:4      | 2599 ||| DROPPING potion of degeneration.
  2625 | D:5      | Entered Level 5 of the Dungeon
  2666 | D:5      | Reached skill level 7 in Ranged Weapons
  2674 | D:5      | Reached XP level 7. HP: 17/43 MP: 7/7
  2790 | D:5      | Found a staircase to the Ecumenical Temple.
  2827 | D:5      | 2827 ||| SWAPPING to +0 orcbow.
  2830 | D:5      | 2830 ||| DROPPING +1 shortbow.
  2833 | D:5      | 2833 ||| Stepping ~*~*~tactically~*~*~ (retreating).
  2835 | D:5      | 2835 ||| RETREATING.
  2837 | D:5      | 2837 ||| Stepping ~*~*~tactically~*~*~ (retreating).
  2855 | D:5      | Reached * piety under Okawaru
  2856 | D:5      | 2856 ||| INVOKING Heroism.
  2859 | D:5      | 2859 ||| DRINKING 3 potions of curing.
  2859 | D:5      | 2859 ||| (to cure confusion)
  3031 | D:5      | 3031 ||| INVOKING Heroism.
  3288 | D:5      | 3288 ||| READING scroll labelled HELAMYNELA.
  3289 | D:5      | 3289 ||| READING scroll labelled QAUTAY EHOAZUF.
  3290 | D:5      | 3290 ||| READING scroll labelled ANOZEO ZA ZEPN.
  3362 | D:6      | Reached skill level 8 in Ranged Weapons
  3362 | D:6      | Reached skill level 1 in Invocations
  3457 | D:6      | 3457 ||| Stepping ~*~*~tactically~*~*~ (outnumbered).
  3459 | D:6      | 3459 ||| Stepping ~*~*~tactically~*~*~ (outnumbered).
  3463 | D:6      | 3463 ||| Stepping ~*~*~tactically~*~*~ (outnumbered).
  3482 | D:6      | Reached XP level 8. HP: 45/48 MP: 9/9
  3666 | D:6      | Reached skill level 3 in Invocations
  3773 | D:6      | Noticed Pikel
  3774 | D:6      | 3774 ||| INVOKING Heroism.
  3793 | D:6      | Killed Pikel
  3793 | D:6      | Reached ** piety under Okawaru
  3794 | D:6      | Reached skill level 9 in Ranged Weapons
  3890 | D:6      | 3890 ||| INVOKING Heroism.
  3893 | D:6      | Reached XP level 9. HP: 54/54 MP: 10/13
  4034 | D:6      | Reached skill level 6 in Fighting
  4041 | D:6      | 4041 ||| INVOKING Heroism.
  4139 | D:6      | 4139 ||| READING scroll labelled SODWESHIHA.
  4172 | D:6      | 4172 ||| READING scroll labelled ZUWAYM YNUGI.
  4172 | D:6      | Identified a scroll of acquirement
  4172 | D:6      | 4172 ||| ACQUIRING amulet of Winusuu {Reflect rPois rN+
                  | MP+9 SH+5}
  4172 | D:6      | Acquired the amulet of Winusuu {Reflect rPois rN+ MP+9
                  | SH+5}
  4174 | D:6      | 4174 ||| UPGRADING to amulet of Winusuu {Reflect rPois rN+
                  | MP+9 SH+5}.
  4259 | D:7      | 4259 ||| Stepping ~*~*~tactically~*~*~ (retreating).
  4278 | D:7      | 4278 ||| INVOKING Heroism.
  4413 | D:7      | Reached skill level 10 in Ranged Weapons
  4501 | D:7      | 4501 ||| INVOKING Heroism.
  4514 | D:7      | Reached skill level 3 in Dodging
  4621 | D:7      | Noticed Duvessa
  4622 | D:7      | 4622 ||| INVOKING Heroism.
  4622 | D:7      | Noticed Dowan
  4623 | D:7      | 4623 ||| Stepping ~*~*~tactically~*~*~ (outnumbered).
  4639 | D:7      | Killed Duvessa
  4646 | D:7      | Killed Dowan
  4715 | D:7      | Noticed Jeremiah
  4731 | D:7      | 4731 ||| DROPPING amulet of the acrobat.
  4742 | D:7      | 4742 ||| INVOKING Heroism.
  4778 | D:7      | 4778 ||| INVOKING Heroism.
  4782 | D:7      | HP: 9/57 [Jeremiah/divine providence (11)]
  4783 | D:7      | 4783 ||| READING 2 scrolls of teleportation.
  5081 | D:7      | 5081 ||| INVOKING Heroism.
  5102 | D:7      | 5102 ||| FLEEEEING.
  5122 | D:7      | 5122 ||| INVOKING Heroism.
  5146 | D:7      | 5146 ||| INVOKING Heroism.
  5160 | D:7      | HP: 13/57 [Jeremiah/+4 trident of draining (4)]
  5161 | D:7      | 5161 ||| READING scroll of teleportation.
  5588 | D:7      | 5588 ||| FLEEEEING.
  5589 | D:7      | 5589 ||| FLEEEEING.
  5590 | D:7      | 5590 ||| FLEEEEING.
  5591 | D:7      | 5591 ||| FLEEEEING.
  5655 | D:7      | 5655 ||| INVOKING Heroism.
  5667 | D:7      | 5667 ||| UPGRADING to ring of resist corrosion.
  5683 | D:7      | 5683 ||| INVOKING Heroism.
  5684 | D:7      | HP: 2/57 [Jeremiah/divine providence (15)]
  5687 | D:7      | Killed from afar by Jeremiah

Levels and vault maps discovered:
D:1:      onia_arrival_mini_maze_b, layout_rooms, minmay_misc_feat_nine_boxes,
          minmay_gold_behind_fungi
D:2:      layout_loops_cross, basic_altar, serial_shops, shop,
          kennysheep_minor_cross
D:3:      layout_loops_ring, uniq_jessica, uniq_ijyb
D:4:      layout_rooms, old_standard_altar, ebering_ghost_reflecting_pool,
          serial_shops, nicolae_shop_hallway_plus, nicolae_shop_crystal, shop,
          nicolae_lakefront_shop, uniq_natasha
D:5:      layout_cave_pools, minmay_temple_entry_crystal_x, dk_vineyard_3
D:6:      layout_loops_ring, uniq_pikel
D:7:      layout_loops_corners, grunt_decor_fettered, uniq_duvessa,
          uniq_jeremiah

Skill      XL: |  1  2  3  4  5  6  7  8  9 |
---------------+----------------------------+-----
Armour         | 1 |  1.4
Ranged Weapons | 5 6 7 8 9 10 | 10.2
Fighting       | 3 4 5 7 |  7.0
Dodging        | 2 3 |  3.3
Invocations    | 2 5 |  5.5
Stealth        | |  1.1

Action                     |  1- 3 |  4- 6 |  7- 9 || total
---------------------------+-------+-------+-------++-------
   Fire: Shortbow          |   111 |   147 |       ||   258
         Orcbow            |       |       |   353 ||   353
 Invoke: Heroism           |       |       |    15 ||    15
    Use: Scroll            |     3 |     7 |     7 ||    17
         Potion            |     2 |     1 |     1 ||     4
 Armour: Leather armour    |    11 |    48 |   129 ||   188
         Ring mail         |    15 |     5 |       ||    20
         Skin              |     7 |       |       ||     7
  Dodge: Dodged            |    30 |   119 |   170 ||   319
  Block: Other             |       |       |    23 ||    23

Table legend:
 A = Non-vault XP
 B = Vault XP
 C = Vault XP percentage of total XP
 D = Non-vault monster count
 E = Vault monster count
 F = Vault count percentage of total count
                 A         B        C        D         E       F
            +---------+---------+-------+---------+---------+-------
      Total |    2948 |     988 |  25.1 |     116 |       7 |   5.7
            +---------+---------+-------+---------+---------+-------
        D:1 |      24 |       2 |   7.7 |      18 |       1 |   5.3
        D:2 |      49 |       0 |   0.0 |      16 |       0 |   0.0
        D:3 |      34 |      73 |  68.2 |      13 |       2 |  13.3
        D:4 |     283 |      36 |  11.3 |      14 |       1 |   6.7
        D:5 |     499 |       0 |   0.0 |      10 |       0 |   0.0
        D:6 |     954 |     673 |  41.4 |      33 |       1 |   2.9
        D:7 |    1105 |     204 |  15.6 |      12 |       2 |  14.3
            +---------+---------+-------+---------+---------+-------
